 Dungeon Sprint DCSS version 0.18.1-50-g88ac8fd (webtiles) character file.

6629 varam the Geomancer (level 11, -4/103 HPs)
             Began as a Gargoyle Earth Elementalist on Oct 10, 2016.
             Was the Champion of Vehumet.
             Killed by divine providence
             ... invoked by a greater mummy
              (14 damage)
             ... in the Dungeon (Sprint V: "Ziggurat Sprint").
             The game lasted 00:15:11 (901 turns).

varam the Geomancer (Gargoyle Earth Elementalist)    Turns: 901, Time: 00:15:11

Health: -4/103     AC: 37    Str: 26    XL:     11   Next: 2%
Magic:  25/25      EV:  3    Int: 19    God:    Vehumet [******]
Gold:   0          SH: 26    Dex: 15    Spells: 3 memorised, 16 levels left

rFire  . . .     SeeInvis +     B - +14 obsidian axe {chop, +Fly Str+3 SInv *Curse} (curse)
rCold  . . .     Gourm    .     C - +15 Maxwell's patent armour {-Cast -Tele rElec MR+ rCorr}
rNeg   + + +     Faith    .     D - +18 shield of the gong {rElec rN+ MR+ EV-5}
rPois  ∞         Spirit   .     (no helmet)
rElec  +         Dismiss  .     (no cloak)
rCorr  +         Reflect  .     S - +0 pair of gloves {archery}
SustAt .         Harm     .     (no boots)
MR     ++...     NoTele   +     (no amulet)
Stlth  .......... NoCast   +    I - +6 ring of strength
                                X - ring "Efibo" {rPois rN+ Dex+5}

@: mighty, berserking (expiring), mesmerised, very slightly contaminated,
hasted, very quick, very resistant to hostile enchantments, extremely unstealthy
A: negative energy resistance 1, electricity resistance, unbreathing,
petrification resistance, rot immunity, AC +7
a: Renounce Religion, Evoke Flight


You were in the Dungeon.
You worshipped Vehumet.
Vehumet was exalted by your worship.
You were not hungry.

You visited 1 branch

Inventory:

Hand Weapons
 A - the +6 Majin-Bo {vamp, Archmagi MP+6 Int+6}
   (You found it in the Dungeon)

   It inflicts no extra harm, but heals its wielder somewhat when it strikes a
   living foe.
   It affects your intelligence (+6).
   It affects your magic capacity (+6).
 B - the cursed +14 obsidian axe (weapon) {chop, +Fly Str+3 SInv *Curse}
   (You found it in the Dungeon)

   It inflicts extra damage upon your enemies.
   It affects your strength (+3).
   It lets you see invisible.
   It lets you fly.
   It may re-curse itself when equipped.
   It has a curse placed upon it.
 K - the +8 hand crossbow of Domination {freeze, rC- rN+ Dex+8}
   (You found it in the Dungeon)

   It causes projectiles fired from it to freeze those they strike, causing
   extra injury to most foes and up to half again as much damage against
   particularly susceptible opponents.
   They can also slow down cold-blooded creatures.
   It affects your dexterity (+8).
   It makes you vulnerable to cold.
   It protects you from negative energy.
 U - a +5 demon whip
Missiles
 b - 20 stones (quivered)
Armour
 C - the +15 Maxwell's patent armour (worn) {-Cast -Tele rElec MR+ rCorr}
   (You found it in the Dungeon)

   It insulates you from electricity.
   It affects your resistance to hostile enchantments.
   It prevents spellcasting.
   It prevents most forms of teleportation.
   It protects you from acid and corrosion.
 D - the +18 shield of the gong (worn) {rElec rN+ MR+ EV-5}
   (You found it in the Dungeon)

   It affects your evasion (-5).
   It insulates you from electricity.
   It protects you from negative energy.
   It affects your resistance to hostile enchantments.
 M - the +2 leather armour "Uligoehe" {+Blink rN+}
   (You found it in the Dungeon)

   It protects you from negative energy.
   It lets you blink.
 P - a +5 fire dragon armour
 R - a +5 ice dragon armour
 S - a +0 pair of gloves of archery (worn)
 T - a +5 storm dragon armour
Magical Staves
 y - an uncursed staff of conjuration
Rods
 L - a +2 rod of shadows (13/13)
   (You found it in the Dungeon)
Jewellery
 G - a +6 ring of intelligence
 H - a +6 ring of intelligence
 I - a +6 ring of strength (right hand)
 X - the ring "Efibo" (left hand) {rPois rN+ Dex+5}
   (You found it in the Dungeon)

   [ring of poison resistance]

   It affects your dexterity (+5).
   It protects you from poison.
   It protects you from negative energy.
 Y - an uncursed ring of protection from magic
 Z - the ring of the Mage {Wiz MR++ Int+3}
   (You found it in the Dungeon)

   [ring of wizardry]

   It improves your spell success rate.
   It affects your intelligence (+3).
   It affects your resistance to hostile enchantments.
Scrolls
 j - 4 scrolls of blinking
 m - 4 scrolls of amnesia
 n - 3 scrolls of recharging
 o - 7 scrolls of fog
 p - a scroll of holy word
 q - 5 scrolls of identify
 r - 5 scrolls of remove curse
 s - 2 scrolls of fear
Potions
 e - 10 potions of curing
 f - 7 potions of heal wounds
 g - 5 potions of haste
 h - 7 potions of magic
 i - 2 potions of berserk rage
 t - 2 potions of brilliance
 u - 2 potions of invisibility
 v - 4 potions of resistance
 x - 5 potions of agility
 z - 3 potions of might
Books
 a - a book of Annihilations

   Spells                             Type                      Level
   a - Poison Arrow                   Conjuration/Poison           6
   b - Chain Lightning                Conjuration/Air              8
   c - Lehudib's Crystal Spear        Conjuration/Earth            8
   d - Glaciate                       Conjuration/Ice              9
   e - Fire Storm                     Conjuration/Fire             9
 c - a book of Geomancy

   Spells                             Type                      Level
   a - Sandblast                      Earth                        1
   b - Passwall                       Transmutation/Earth          2
   c - Stone Arrow                    Conjuration/Earth            3
   d - Petrify                        Transmutation/Earth          4
   e - Lee's Rapid Deconstruction     Earth                        5
Miscellaneous
 w - a sack of spiders
 E - a sack of spiders {used: 1}
 F - a box of beasts {used: 1}
 J - a phial of floods
 V - a crystal ball of energy
 W - a disc of storms
Comestibles
 d - 5 bread rations
 k - 42 fruits
 l - 4 meat rations


   Skills:
 - Level 8.8 Fighting
 - Level 7.3 Axes
 - Level 8.9 Armour
 - Level 7.0 Dodging
 - Level 2.1 Stealth
 * Level 10.4 Spellcasting
 * Level 10.7 Conjurations
   Level 0.7 Transmutations
 * Level 13.3 Earth Magic


You had 16 spell levels left.
You knew the following spells:

 Your Spells              Type           Power        Failure   Level  Hunger
a - Sandblast             Erth           ######       1%          1    None
b - Lee's Rapid Deconstr  Erth           ######....   28%         5    #####..
c - Lehudib's Crystal Sp  Conj/Erth      ######....   100%        8    #######


Dungeon Overview and Level Annotations

Branches:
Dungeon (1/1)

Altars:
Ashenzari
Cheibriados
Dithmenos
Elyvilon
Fedhas
Gozag
Kikubaaqudgha
Makhleb
Nemelex Xobeh
Okawaru
Pakellas
Qazlal
Ru
Sif Muna
Trog
Vehumet
Xom
Yredelemnul
Zin
The Shining One
Beogh
Jiyva
Lugonu


Innate Abilities, Weirdness & Mutations

You are resistant to torment.
Your stone body is resilient (AC +7).
You are immune to poison.
You resist negative energy.
You are resistant to electric shocks.
You can survive without breathing.
You are immune to petrification.
You are immune to rotting.


Message History

The greater mummy hits your smoke demon with a +4 rapier of draining.
The guardian mummy hits you but does no damage.
The orange demon stings you but does no damage.
Your Maxwell's patent armour prevents you from hitting the greater mummy.
The greater mummy is almost destroyed.
You slash the guardian mummy!
The guardian mummy is heavily damaged.
You slice the wight!!
You destroy the wight!
You slash the greater mummy!
The greater mummy is moderately damaged.
Visions of slaying the guardian mummy flood into your mind.
Your neqoxec hits the rust devil! The chaos spawn hits your neqoxec.
The chaos spawn shocks your neqoxec.
Your neqoxec dies!
Your smoke demon hits the greater mummy but does no damage.
Your smoke demon barely misses the greater mummy. x2
The greater mummy casts a spell at you. Something smites you!
You die...

▓..8©8..▓
▓...:.}...▓.3.|)..▓
▓.....!...▓|.....)▓
▓..M......▓.......▓
▓...≈.....▓.......▓
▓....M§...▓.......▓
▓...4§33..▓..†)...▓
▓.▓.M§4.▓.▓.▓(..▓.▓
▓..zM@M...▓...(...▓
▓▓▓▓▓▓▓▓▓▓▓▓▓▓▓▓▓▓▓
▓..8©8..▓ ▓..4:|..▓
▓..3.:..▓ ▓.......▓
▓.......▓ ▓.......▓
▓.......▓


You could see 3 greater mummies, an orange demon, a guardian mummy, a rust
devil, a chaos spawn, a flying skull, a mummy and a friendly smoke demon.

Vanquished Creatures
  A mummy priest (D)
  2 deep elf magi (D)
  An eye of devastation (D)
  2 guardian mummies (D)
  2 fire elementals (D)
  2 hippogriffs (D)
  A hell hound (D)
  An eye of draining (D)
  3 scorpions (D)
  2 sheep (D)
  A mummy (D)
  2 white imps (D)
  An ufetubus (D)
  An ooze (D)
  An adder zombie (D)
23 creatures vanquished.

Vanquished Creatures (collateral kills)
  A deep elf mage (D)
  A cyclops (D)
  A merfolk (D)
  A slime creature (D)
  A fire elemental (D)
  A golden eye (D)
  A mummy (D)
  An ooze (D)
  A fire vortex (D)
9 creatures vanquished.

Vanquished Creatures (others)
  2 acid blobs (D)
  3 azure jellies (D)
  3 death oozes (D)
  Josephine (D)
  A fire vortex (D)
10 creatures vanquished.

Grand Total: 42 creatures vanquished

Notes
Turn   | Place    | Note
--------------------------------------------------------------
     0 | D        | varam the Gargoyle Earth Elementalist began the quest for the Orb.
     0 | D        | Reached XP level 1. HP: 10/10 MP: 3/3
     0 | D        | Found an iron altar of Okawaru.
     0 | D        | Found a radiant altar of Vehumet.
     0 | D        | Found a burning altar of Makhleb.
     0 | D        | Found a shimmering altar of Xom.
     0 | D        | Found a deep blue altar of Sif Muna.
     8 | D        | Became a worshipper of Vehumet
    11 | D        | Found a bloodstained altar of Trog.
    11 | D        | Killed an azure jelly
    12 | D        | Found a sparkling altar of Nemelex Xobeh.
    12 | D        | Found a white marble altar of Elyvilon.
    12 | D        | Found a corrupted altar of Lugonu.
    12 | D        | Found a roughly hewn altar of Beogh.
    18 | D        | Found a viscous altar of Jiyva.
   117 | D        | Entered arena 1.
   121 | D        | Reached skill level 1 in Axes
   121 | D        | Reached skill level 1 in Armour
   121 | D        | Reached skill level 4 in Earth Magic
   121 | D        | Reached XP level 2. HP: 17/17 MP: 3/5
   126 | D        | Got the ring "Efibo" {rPois rN+ Dex+5}
   136 | D        | Entered arena 2.
   136 | D        | Noticed a scorpion
   136 | D        | Noticed a scorpion
   136 | D        | Noticed a scorpion
   141 | D        | Killed a scorpion
   141 | D        | Reached * piety under Vehumet
   141 | D        | Offered knowledge of Sting by Vehumet.
   141 | D        | Reached skill level 5 in Earth Magic
   141 | D        | Reached XP level 3. HP: 17/23 MP: 4/7
   141 | D        | Reached XP level 4. HP: 21/28 MP: 5/9
   141 | D        | Reached XP level 5. HP: 25/33 MP: 7/10
   144 | D        | Reached skill level 6 in Earth Magic
   158 | D        | Learned a level 5 spell: Lee's Rapid Deconstruction
   165 | D        | Entered arena 3.
   165 | D        | Noticed a deep elf mage
   165 | D        | Noticed a fire elemental
   165 | D        | Noticed a deep elf mage
   165 | D        | Noticed a deep elf mage
   168 | D        | Killed a fire elemental
   168 | D        | Reached skill level 5 in Fighting
   168 | D        | Reached skill level 5 in Armour
   168 | D        | Reached skill level 5 in Spellcasting
   168 | D        | Reached skill level 7 in Earth Magic
   168 | D        | Reached XP level 6. HP: 30/40 MP: 11/13
   171 | D        | Killed a deep elf mage
   171 | D        | Reached ** piety under Vehumet
   171 | D        | Reached skill level 5 in Axes
   171 | D        | Reached skill level 5 in Dodging
   171 | D        | Reached skill level 8 in Earth Magic
   171 | D        | Reached XP level 7. HP: 31/47 MP: 13/16
   173 | D        | Killed a deep elf mage
   173 | D        | Reached skill level 9 in Earth Magic
   173 | D        | Reached XP level 8. HP: 36/54 MP: 14/18
   174 | D        | Killed a deep elf mage
   174 | D        | Reached skill level 10 in Earth Magic
   366 | D        | Killed a death ooze
   461 | D        | Entered arena 4.
   468 | D        | Reached XP level 9. HP: 60/60 MP: 20/20
   473 | D        | Identified the Guide on Displacement (You found it in the Dungeon)
   561 | D        | Entered arena 5.
   563 | D        | Offered knowledge of Shock by Vehumet.
   563 | D        | Reached *** piety under Vehumet
   566 | D        | Reached **** piety under Vehumet
   596 | D        | Learned a level 8 spell: Lehudib's Crystal Spear
   598 | D        | Killed Josephine
   609 | D        | Entered arena 6.
   609 | D        | Noticed a merfolk
   609 | D        | Noticed a cyclops
   615 | D        | Reached skill level 1 in Conjurations
   617 | D        | Reached skill level 11 in Earth Magic
   618 | D        | Killed a merfolk
   618 | D        | Reached ***** piety under Vehumet
   618 | D        | HP: 2/60 [cyclops/large rock (26)]
   621 | D        | Killed a cyclops
   631 | D        | Killed an acid blob
   656 | D        | Reached XP level 10. HP: 65/65 MP: 22/22
   684 | D        | Killed a death ooze
   742 | D        | Killed an azure jelly
   760 | D        | Killed an azure jelly
   786 | D        | Entered arena 7.
   786 | D        | Noticed an eye of devastation
   791 | D        | Offered knowledge of Inner Flame by Vehumet.
   796 | D        | Killed an eye of devastation
   796 | D        | Reached skill level 12 in Earth Magic
   806 | D        | Got the +8 hand crossbow of Domination {freeze, rC- rN+ Dex+8}
   812 | D        | Got the +2 leather armour "Uligoehe" {+Blink rN+}
   829 | D        | Killed an acid blob
   842 | D        | Killed a death ooze
   882 | D        | Entered arena 8.
   882 | D        | Noticed a greater mummy
   882 | D        | Noticed a mummy priest
   882 | D        | Noticed a greater mummy
   882 | D        | Noticed a greater mummy
   884 | D        | Noticed an emperor scorpion
   884 | D        | Noticed an emperor scorpion
   884 | D        | Noticed an emperor scorpion
   893 | D        | Noticed an orange demon
   893 | D        | Noticed a rust devil
   893 | D        | Noticed a death scarab
   895 | D        | Noticed a sixfirhy
   895 | D        | Killed a mummy priest
   895 | D        | Reached ****** piety under Vehumet
   895 | D        | Reached skill level 10 in Spellcasting
   895 | D        | Reached skill level 10 in Conjurations
   895 | D        | Reached skill level 13 in Earth Magic
   899 | D        | Reached XP level 11. HP: 9/69 MP: 25/25
   901 | D        | Killed from afar by a greater mummy

Skill      XL: |  1  2  3  4  5  6  7  8  9 10 |
---------------+-------------------------------+-----
Fighting       | 2 3 4 5 6 7 8 |  8.8
Axes           | 1 2 3 4 5 6 7 |  7.3
Armour         | 1 3 5 6 7 8 |  8.9
Dodging        | 2 3 4 5 6 7 |  7.0
Earth Magic    | 4 5 7 8 9 10 11 13 | 13.3
Spellcasting   | 3 5 6 7 8 10 | 10.4
Conjurations   | 8 10 | 10.7
Stealth        | |  2.1
Transmutations | |  0.7

Action                   |  1- 3 |  4- 6 |  7- 9 | 10-12 || total
-------------------------+-------+-------+-------+-------++-------
Melee: Broad axe         |     6 |     8 |    19 |    20 ||    53
Evoke: Box of beasts     |       |       |       |     1 ||     1
       Phial of floods   |       |       |       |     1 ||     1
       Sack of spiders   |       |       |       |     1 ||     1
  Use: Potion            |       |       |     4 |     4 ||     8
Armor: Plate armour      |     3 |     4 |     9 |    24 ||    40
Dodge: Dodged            |       |       |       |     2 ||     2
Block: Shield            |     7 |    11 |    37 |    32 ||    87
